AoeStats
← YellowDOG

MegaRandom

504490845Analyzed
2v2 RM · 25d ago on Sep 5, 2026· 26m 34s· 4 players
Game mode
Random Map
Map size
Medium (4 player)
Population
200
Speed
Normal
Resources
Standard
Victory
Conquest
Starting age
Dark Age
Ending age
Imperial Age
RankedLock teamsTeams togetherTeam positionsShared explorationLock speedFull tech treeHidden civsTurbo modeCheats
Victory
Defeat
🇫🇷 Vikings · France
1124
+15
🇫🇷 Persians · France
1052
+17
🇨🇳 Shu · China
1318
-25
🇨🇳 Poles · China
858
-18
Yop
7:44 Loom
11:49 Feudal Age
16:10 Castle Age
14:44 Double-Bit Axe
16:18 Horse Collar
17:18 Bow Saw
17:28 Heavy Plow
16:54 Light Cavalry
19:03 Gold Mining
22:21 Gold Shaft Mining
22:23 Scale Barding Armor
22:32 Forging
22:59 Scale Barding Armor
24:09 Iron Casting
25:06 Light Cavalry
26:56 Chain Barding Armor
Khan-O-pi
9:37 Loom
11:55 Feudal Age
19:12 Castle Age
25:33 Bloodlines
26:53 Husbandry
YellowDOG
7:32 Loom
10:23 Feudal Age
18:28 Double-Bit Axe
22:59 Castle Age
21:47 Fletching
23:27 Crossbowman
24:13 Thumb Ring
金正恩
Connection lost

Rejoining the realm…

Still unreachable

The connection could not be restored.

Session expired

The server has moved on; the page needs a fresh start.